[ AOE2 MATCH · #467778337 ]
UnrankedMagyars vs Japanese
[ REPLAY ANALYSIS · EXTRACTED FROM THE RECORDED GAME ]
Feudal
11:20
Castle
23:58
Imperial
—
| APM avg | 61.7 |
| APM peak | 125 |
| eAPM avg | 16.7 |
| Villagers / military | 57 / 30 |
Focus
⚔️ 33.0% · 🌾 67.0%
Knight ×19 · Scout Cavalry ×9 · Spearman ×2
Feudal
10:56
Castle
23:54
Imperial
—
| APM avg | 40.6 |
| APM peak | 70 |
| eAPM avg | 15.3 |
| Villagers / military | 57 / 39 |
Focus
⚔️ 31.0% · 🌾 69.0%
Cavalry Archer ×23 · Archer ×10 · Militia ×5 · Mangonel ×1
Feudal
11:00
Castle
23:11
Imperial
—
| APM avg | 62.8 |
| APM peak | 105 |
| eAPM avg | 27.1 |
| Villagers / military | 70 / 55 |
Focus
⚔️ 37.1% · 🌾 62.9%
Archer ×55
Feudal
8:53
Castle
22:56
Imperial
—
| APM avg | 77.8 |
| APM peak | 122 |
| eAPM avg | 27.0 |
| Villagers / military | 86 / 48 |
Focus
⚔️ 31.5% · 🌾 68.5%
Scout Cavalry ×26 · Knight ×21 · Camel Scout ×1
Feudal
9:40
Castle
24:46
Imperial
—
| APM avg | 46.4 |
| APM peak | 71 |
| eAPM avg | 18.6 |
| Villagers / military | 68 / 67 |
Focus
⚔️ 49.0% · 🌾 51.0%
Archer ×67
Feudal
11:44
Castle
27:18
Imperial
—
| APM avg | 61.2 |
| APM peak | 103 |
| eAPM avg | 23.1 |
| Villagers / military | 56 / 24 |
Focus
⚔️ 34.2% · 🌾 65.8%
Skirmisher ×14 · Archer ×8 · Spearman ×2
Match map
Initial resources + every placement click. Lines = walls · curves = elevation contours. ◆ gold · ⬟ stone · ● berries · ✦ relic · ◌ wall gap
Your base· Open — unwalled flank
chris_p's base· Open — 7t gap
Kolor Peru's base· ✓ Closed at 23:11 · 48t walls · 1 gate(s) · fragile
Nightfall's base· Open — 6t gap
JPsi's base· Open — 6t gap
MapucheMaldonado's base· ✓ Closed at 27:18 · 49t walls · 2 gate(s)
Smoothed initial terrain · ◌ = detected wall gap · hover for details
Inputs per minute
— RamiChurra - - chris_p
Build order — RamiChurra
First 150 of 185 actions detected
| 0:01 | Queue | Villager (Male) |
| 0:01 | Queue | Villager (Male) |
| 0:01 | Queue | Villager (Male) |
| 0:01 | Queue | Villager (Male) |
| 0:03 | Build | House |
| 0:05 | Build | House |
| 1:48 | Queue | Villager (Male) |
| 1:48 | Queue | Villager (Male) |
| 2:11 | Queue | Villager (Male) |
| 2:11 | Queue | Villager (Male) |
| 2:18 | Build | House |
| 2:37 | Build | Lumber Camp |
| 2:55 | Queue | Villager (Male) |
| 2:56 | Queue | Villager (Male) |
| 3:14 | Queue | Villager (Male) |
| 3:14 | Queue | Villager (Male) |
| 3:47 | Queue | Villager (Male) |
| 3:47 | Queue | Villager (Male) |
| 4:14 | Queue | Villager (Male) |
| 4:27 | Queue | Villager (Male) |
| 4:52 | Queue | Villager (Male) |
| 5:09 | Queue | Villager (Male) |
| 5:14 | Build | Mill |
| 5:36 | Queue | Villager (Male) |
| 5:57 | Build | House |
| 6:15 | Queue | Villager (Male) |
| 6:57 | Queue | Villager (Male) |
| 7:30 | Queue | Villager (Male) |
| 7:32 | Queue | Villager (Male) |
| 7:57 | Queue | Villager (Male) |
| 8:00 | Build | Farm |
| 8:02 | Build | Farm |
| 8:38 | Research | Loom |
| 9:05 | Research | Feudal Age |
| 9:33 | Build | Barracks |
| 9:40 | Queue | Villager (Male) |
| 9:53 | Build | Palisade Wall |
| 9:54 | Build | Palisade Wall |
| 9:55 | Build | Palisade Wall |
| 9:55 | Build | Palisade Wall |
| 9:56 | Build | Palisade Wall |
| 10:06 | Queue | Villager (Male) |
| 10:23 | Build | Palisade Wall |
| 10:28 | Build | Palisade Wall |
| 11:01 | Build | Palisade Wall |
| 11:16 | Build | House |
| 11:18 | Build | Palisade Wall |
| 11:20 | Age | Feudal Age |
| 11:22 | Queue | Spearman |
| 11:30 | Research | Double-Bit Axe |
| 11:33 | Research | Horse Collar |
| 11:35 | Build | House |
| 11:40 | Build | House |
| 11:43 | Build | Palisade Wall |
| 11:56 | Queue | Villager (Male) |
| 12:13 | Build | Farm |
| 12:15 | Build | Farm |
| 12:18 | Queue | Villager (Male) |
| 12:25 | Queue | Spearman |
| 12:41 | Queue | Villager (Male) |
| 13:17 | Build | Stable |
| 13:25 | Queue | Villager (Male) |
| 13:29 | Build | Farm |
| 13:31 | Build | Farm |
| 13:45 | Queue | Villager (Male) |
| 13:47 | Build | Farm |
| 13:52 | Queue | Scout Cavalry |
| 13:53 | Queue | Scout Cavalry |
| 13:54 | Queue | Villager (Male) |
| 13:56 | Build | Farm |
| 14:21 | Build | House |
| 14:22 | Build | Palisade Wall |
| 14:25 | Build | House |
| 14:28 | Build | Palisade Wall |
| 14:56 | Queue | Villager (Male) |
| 15:08 | Build | Farm |
| 15:10 | Build | Farm |
| 15:10 | Build | Farm |
| 15:10 | Build | Farm |
| 15:10 | Build | Farm |
| 15:11 | Build | Farm |
| 15:43 | Queue | Scout Cavalry |
| 15:44 | Queue | Scout Cavalry |
| 15:44 | Queue | Villager (Male) |
| 16:08 | Build | Lumber Camp |
| 16:17 | Queue | Scout Cavalry |
| 16:18 | Queue | Villager (Male) |
| 16:19 | Queue | Villager (Male) |
| 16:44 | Build | Mining Camp |
| 17:05 | Queue | Scout Cavalry |
| 17:05 | Queue | Villager (Male) |
| 17:12 | Build | Farm |
| 17:12 | Build | Farm |
| 17:12 | Build | Farm |
| 17:17 | Queue | Scout Cavalry |
| 17:17 | Queue | Villager (Male) |
| 17:19 | Build | House |
| 17:47 | Build | Farm |
| 17:56 | Queue | Villager (Male) |
| 17:58 | Queue | Scout Cavalry |
| 17:59 | Queue | Villager (Male) |
| 18:09 | Queue | Villager (Male) |
| 18:11 | Build | Blacksmith |
| 18:13 | Build | House |
| 18:34 | Queue | Scout Cavalry |
| 18:34 | Queue | Villager (Male) |
| 18:57 | Build | Farm |
| 18:59 | Build | Farm |
| 19:22 | Queue | Villager (Male) |
| 19:24 | Build | House |
| 19:26 | Build | House |
| 19:42 | Research | Wheelbarrow |
| 19:47 | Build | Market |
| 20:27 | Build | House |
| 20:49 | Build | House |
| 21:18 | Research | Castle Age |
| 21:18 | Research | Castle Age |
| 22:01 | Research | Bloodlines |
| 22:06 | Build | Farm |
| 22:11 | Build | Farm |
| 22:11 | Build | Farm |
| 22:11 | Build | Farm |
| 22:12 | Build | Farm |
| 22:18 | Build | House |
| 22:29 | Research | Scale Barding Armor |
| 22:35 | Build | Farm |
| 22:38 | Research | Gold Mining |
| 22:38 | Research | Gold Mining |
| 22:39 | Research | Gold Mining |
| 23:07 | Build | Stable |
| 23:16 | Build | House |
| 23:28 | Queue | Villager (Male) |
| 23:28 | Queue | Villager (Male) |
| 23:34 | Build | House |
| 23:55 | Build | Stable |
| 23:58 | Age | Castle Age |
| 23:59 | Queue | Knight |
| 23:59 | Queue | Knight |
| 24:20 | Build | Farm |
| 24:25 | Build | House |
| 24:28 | Build | Palisade Wall |
| 24:37 | Queue | Knight |
| 24:38 | Queue | Knight |
| 24:38 | Queue | Knight |
| 24:40 | Queue | Villager (Male) |
| 24:41 | Queue | Villager (Male) |
| 24:53 | Build | House |
| 24:56 | Build | House |
| 25:00 | Build | Palisade Wall |
| 25:02 | Build | House |
Build order — chris_p
First 150 of 182 actions detected
| 0:00 | Queue | Villager (Male) |
| 0:01 | Queue | Villager (Male) |
| 0:04 | Build | House |
| 0:05 | Build | House |
| 0:17 | Queue | Villager (Male) |
| 0:17 | Queue | Villager (Male) |
| 1:25 | Queue | Villager (Male) |
| 1:58 | Queue | Villager (Male) |
| 2:10 | Queue | Villager (Male) |
| 2:13 | Build | Lumber Camp |
| 2:25 | Queue | Villager (Male) |
| 3:01 | Build | House |
| 3:07 | Queue | Villager (Male) |
| 3:32 | Queue | Villager (Male) |
| 3:52 | Queue | Villager (Male) |
| 4:02 | Research | Loom |
| 4:35 | Queue | Villager (Male) |
| 4:36 | Queue | Villager (Male) |
| 4:46 | Build | Mill |
| 5:08 | Build | Mill |
| 5:51 | Queue | Villager (Male) |
| 5:54 | Queue | Villager (Male) |
| 6:01 | Build | House |
| 6:24 | Queue | Villager (Male) |
| 6:46 | Queue | Villager (Male) |
| 6:54 | Queue | Villager (Male) |
| 7:37 | Build | Farm |
| 7:38 | Build | Farm |
| 7:53 | Queue | Villager (Male) |
| 8:20 | Queue | Villager (Male) |
| 8:34 | Build | Mining Camp |
| 8:45 | Research | Feudal Age |
| 9:36 | Build | Barracks |
| 9:44 | Queue | Villager (Male) |
| 10:05 | Build | House |
| 10:08 | Queue | Militia |
| 10:08 | Queue | Militia |
| 10:09 | Queue | Militia |
| 10:14 | Build | Farm |
| 10:28 | Build | House |
| 10:30 | Build | Palisade Wall |
| 10:48 | Queue | Villager (Male) |
| 10:55 | Build | Farm |
| 10:56 | Age | Feudal Age |
| 10:58 | Research | Man-at-Arms (upgrade) |
| 11:11 | Build | Palisade Wall |
| 11:19 | Queue | Villager (Male) |
| 11:33 | Research | Double-Bit Axe |
| 11:46 | Build | Palisade Wall |
| 11:51 | Build | Palisade Wall |
| 12:03 | Queue | Militia |
| 12:09 | Queue | Villager (Male) |
| 12:21 | Build | Farm |
| 12:24 | Build | Farm |
| 12:25 | Build | Farm |
| 12:35 | Build | Palisade Wall |
| 12:50 | Queue | Militia |
| 12:53 | Queue | Villager (Male) |
| 12:53 | Queue | Villager (Male) |
| 12:59 | Build | Farm |
| 13:00 | Build | Farm |
| 13:09 | Queue | Villager (Male) |
| 13:17 | Build | House |
| 13:25 | Build | Farm |
| 13:27 | Queue | Villager (Male) |
| 13:41 | Research | Arson |
| 13:49 | Build | Farm |
| 13:55 | Build | Mining Camp |
| 14:04 | Queue | Villager (Male) |
| 14:29 | Queue | Villager (Male) |
| 14:32 | Build | Farm |
| 14:55 | Queue | Villager (Male) |
| 15:13 | Build | Blacksmith |
| 15:16 | Build | Palisade Wall |
| 15:18 | Queue | Villager (Male) |
| 15:19 | Research | Town Watch |
| 15:22 | Build | Farm |
| 15:24 | Build | Farm |
| 15:38 | Build | Watch Tower |
| 15:43 | Queue | Villager (Male) |
| 15:46 | Build | Farm |
| 15:50 | Queue | Villager (Male) |
| 16:09 | Build | Archery Range |
| 16:33 | Queue | Villager (Male) |
| 16:47 | Build | Archery Range |
| 16:49 | Build | Archery Range |
| 17:03 | Queue | Villager (Male) |
| 17:17 | Build | House |
| 17:34 | Queue | Archer |
| 17:36 | Research | Fletching |
| 17:38 | Queue | Archer |
| 17:40 | Build | House |
| 17:44 | Build | House |
| 18:13 | Build | Farm |
| 18:14 | Build | Farm |
| 18:18 | Queue | Archer |
| 18:18 | Queue | Archer |
| 18:19 | Queue | Villager (Male) |
| 18:19 | Queue | Villager (Male) |
| 18:19 | Queue | Villager (Male) |
| 18:24 | Queue | Archer |
| 18:28 | Build | Farm |
| 18:33 | Build | Mining Camp |
| 18:41 | Queue | Villager (Male) |
| 18:57 | Build | Mill |
| 18:58 | Build | Farm |
| 19:09 | Build | House |
| 19:19 | Research | Wheelbarrow |
| 19:25 | Queue | Archer |
| 19:33 | Build | Market |
| 19:59 | Build | Farm |
| 20:07 | Queue | Archer |
| 20:07 | Queue | Archer |
| 20:41 | Research | Castle Age |
| 21:05 | Build | Mining Camp |
| 21:15 | Research | Padded Archer Armor |
| 21:19 | Queue | Archer |
| 21:19 | Queue | Archer |
| 21:33 | Build | Stable |
| 22:01 | Queue | Villager (Male) |
| 22:21 | Build | Lumber Camp |
| 22:23 | Research | Horse Collar |
| 22:28 | Research | Bloodlines |
| 22:45 | Queue | Villager (Male) |
| 23:22 | Build | Stone Wall |
| 23:26 | Build | Stone Wall |
| 23:43 | Queue | Villager (Male) |
| 23:54 | Age | Castle Age |
| 23:58 | Research | Bodkin Arrow |
| 24:00 | Queue | Cavalry Archer |
| 24:00 | Queue | Cavalry Archer |
| 24:00 | Queue | Cavalry Archer |
| 24:09 | Queue | Villager (Male) |
| 24:26 | Build | University |
| 24:30 | Research | Thumb Ring |
| 24:33 | Queue | Cavalry Archer |
| 24:39 | Queue | Villager (Male) |
| 24:55 | Queue | Cavalry Archer |
| 24:57 | Queue | Cavalry Archer |
| 24:58 | Queue | Villager (Male) |
| 25:28 | Build | Siege Workshop |
| 25:32 | Queue | Cavalry Archer |
| 25:45 | Research | Ballistics |
| 25:48 | Queue | Cavalry Archer |
| 25:50 | Queue | Villager (Male) |
| 26:02 | Queue | Cavalry Archer |
| 26:02 | Queue | Cavalry Archer |
| 26:03 | Queue | Villager (Male) |
| 26:03 | Queue | Villager (Male) |
| 26:04 | Queue | Villager (Male) |
Build order — Kolor Peru
First 150 of 221 actions detected
| 0:04 | Build | House |
| 0:05 | Research | Loom |
| 0:07 | Queue | Villager (Male) |
| 0:07 | Queue | Villager (Male) |
| 0:08 | Queue | Villager (Male) |
| 0:08 | Queue | Villager (Male) |
| 0:10 | Build | House |
| 1:38 | Queue | Villager (Male) |
| 1:38 | Queue | Villager (Male) |
| 2:15 | Queue | Villager (Male) |
| 2:28 | Build | Lumber Camp |
| 2:36 | Queue | Villager (Male) |
| 2:36 | Queue | Villager (Male) |
| 2:46 | Queue | Villager (Male) |
| 2:47 | Queue | Villager (Male) |
| 3:02 | Queue | Villager (Male) |
| 3:02 | Queue | Villager (Male) |
| 3:53 | Queue | Villager (Male) |
| 3:53 | Queue | Villager (Male) |
| 4:36 | Queue | Villager (Male) |
| 4:36 | Queue | Villager (Male) |
| 4:41 | Queue | Villager (Male) |
| 4:41 | Queue | Villager (Male) |
| 4:48 | Build | House |
| 5:52 | Build | Mill |
| 6:06 | Build | House |
| 6:38 | Queue | Villager (Male) |
| 6:38 | Queue | Villager (Male) |
| 6:41 | Queue | Villager (Male) |
| 7:52 | Queue | Villager (Male) |
| 8:12 | Build | House |
| 8:14 | Build | Palisade Wall |
| 8:50 | Research | Feudal Age |
| 8:56 | Build | House |
| 8:58 | Build | Palisade Wall |
| 9:20 | Build | Barracks |
| 9:30 | Queue | Villager (Male) |
| 9:35 | Build | Mining Camp |
| 9:38 | Queue | Villager (Male) |
| 9:43 | Build | House |
| 9:45 | Build | Palisade Wall |
| 10:18 | Build | House |
| 10:20 | Build | Palisade Wall |
| 10:26 | Build | Palisade Wall |
| 10:30 | Queue | Villager (Male) |
| 10:53 | Build | Palisade Wall |
| 11:00 | Age | Feudal Age |
| 11:09 | Build | Archery Range |
| 11:15 | Queue | Villager (Male) |
| 11:29 | Build | Palisade Wall |
| 11:30 | Build | Palisade Wall |
| 11:43 | Build | Palisade Gate |
| 11:48 | Build | House |
| 11:51 | Build | House |
| 11:53 | Build | House |
| 11:59 | Queue | Villager (Male) |
| 12:07 | Queue | Archer |
| 12:08 | Queue | Archer |
| 12:08 | Queue | Archer |
| 12:11 | Queue | Villager (Male) |
| 12:18 | Research | Double-Bit Axe |
| 12:24 | Queue | Villager (Male) |
| 12:29 | Queue | Archer |
| 12:29 | Queue | Archer |
| 12:52 | Build | Mill |
| 12:59 | Queue | Archer |
| 13:22 | Build | Farm |
| 13:25 | Build | Farm |
| 13:27 | Build | Farm |
| 13:37 | Build | Farm |
| 13:41 | Queue | Archer |
| 13:44 | Build | Farm |
| 13:56 | Build | Farm |
| 14:01 | Build | Farm |
| 14:06 | Queue | Villager (Male) |
| 14:06 | Queue | Villager (Male) |
| 14:09 | Queue | Archer |
| 14:14 | Build | Farm |
| 14:39 | Queue | Villager (Male) |
| 14:39 | Queue | Villager (Male) |
| 14:42 | Build | Farm |
| 14:55 | Build | Blacksmith |
| 14:57 | Build | Palisade Wall |
| 15:01 | Queue | Villager (Male) |
| 15:11 | Queue | Archer |
| 15:30 | Queue | Archer |
| 15:31 | Queue | Villager (Male) |
| 15:31 | Queue | Villager (Male) |
| 15:37 | Build | Farm |
| 15:44 | Queue | Villager (Male) |
| 15:44 | Queue | Villager (Male) |
| 15:55 | Queue | Villager (Male) |
| 16:00 | Build | Farm |
| 16:24 | Queue | Villager (Male) |
| 16:24 | Queue | Villager (Male) |
| 16:34 | Build | Farm |
| 16:36 | Build | Farm |
| 16:49 | Build | Market |
| 16:53 | Build | Farm |
| 16:58 | Build | House |
| 16:59 | Build | Palisade Wall |
| 17:01 | Queue | Villager (Male) |
| 17:03 | Queue | Archer |
| 17:03 | Queue | Archer |
| 17:15 | Build | Farm |
| 17:17 | Queue | Villager (Male) |
| 17:27 | Queue | Archer |
| 17:28 | Research | Fletching |
| 17:41 | Build | Farm |
| 17:45 | Research | Horse Collar |
| 17:46 | Queue | Villager (Male) |
| 17:51 | Queue | Archer |
| 18:07 | Build | Farm |
| 18:25 | Queue | Archer |
| 18:26 | Queue | Villager (Male) |
| 18:28 | Queue | Villager (Male) |
| 18:34 | Build | House |
| 18:35 | Build | House |
| 18:36 | Build | House |
| 18:43 | Build | Farm |
| 18:52 | Queue | Archer |
| 18:53 | Queue | Villager (Male) |
| 18:57 | Build | Farm |
| 19:00 | Research | Wheelbarrow |
| 19:25 | Build | Farm |
| 19:55 | Queue | Archer |
| 20:02 | Build | House |
| 20:03 | Build | House |
| 20:05 | Build | Palisade Wall |
| 20:14 | Build | House |
| 20:15 | Build | Palisade Wall |
| 20:17 | Build | Palisade Wall |
| 20:23 | Research | Castle Age |
| 20:30 | Queue | Archer |
| 20:40 | Build | Palisade Wall |
| 20:41 | Build | Palisade Wall |
| 20:45 | Build | Palisade Wall |
| 20:46 | Build | Palisade Wall |
| 20:48 | Build | Palisade Wall |
| 20:54 | Build | Archery Range |
| 20:56 | Queue | Archer |
| 20:57 | Queue | Archer |
| 21:01 | Research | Padded Archer Armor |
| 21:03 | Queue | Villager (Male) |
| 21:18 | Queue | Archer |
| 21:36 | Queue | Villager (Male) |
| 21:40 | Queue | Archer |
| 22:02 | Build | Archery Range |
| 22:05 | Queue | Archer |
| 22:05 | Queue | Archer |
Build order — Nightfall
First 150 of 208 actions detected
| 0:00 | Queue | Villager (Male) |
| 0:03 | Build | House |
| 0:04 | Build | House |
| 0:10 | Queue | Villager (Male) |
| 0:10 | Queue | Villager (Male) |
| 0:10 | Queue | Villager (Male) |
| 1:41 | Queue | Villager (Male) |
| 1:43 | Queue | Villager (Male) |
| 2:17 | Build | Lumber Camp |
| 2:23 | Queue | Villager (Male) |
| 2:23 | Queue | Villager (Male) |
| 2:25 | Queue | Villager (Male) |
| 2:26 | Queue | Villager (Male) |
| 2:47 | Queue | Villager (Male) |
| 2:51 | Queue | Villager (Male) |
| 3:49 | Build | House |
| 4:05 | Queue | Villager (Male) |
| 4:13 | Queue | Villager (Male) |
| 4:24 | Queue | Villager (Male) |
| 4:24 | Queue | Villager (Male) |
| 4:25 | Queue | Villager (Male) |
| 4:58 | Build | Mill |
| 5:01 | Queue | Villager (Male) |
| 5:05 | Queue | Villager (Male) |
| 5:12 | Research | Loom |
| 5:16 | Queue | Villager (Male) |
| 5:27 | Queue | Villager (Male) |
| 5:45 | Queue | Villager (Male) |
| 5:55 | Queue | Villager (Male) |
| 6:20 | Queue | Villager (Male) |
| 6:23 | Build | Mill |
| 6:42 | Research | Feudal Age |
| 7:15 | Queue | Villager (Male) |
| 8:05 | Build | Barracks |
| 8:11 | Queue | Villager (Male) |
| 8:14 | Queue | Villager (Male) |
| 8:53 | Age | Feudal Age |
| 8:57 | Build | Stable |
| 9:17 | Queue | Villager (Male) |
| 9:24 | Build | House |
| 9:27 | Research | Town Watch |
| 9:41 | Build | House |
| 9:42 | Queue | Scout Cavalry |
| 9:42 | Queue | Scout Cavalry |
| 9:55 | Queue | Villager (Male) |
| 10:01 | Build | Farm |
| 10:15 | Queue | Villager (Male) |
| 10:26 | Queue | Villager (Male) |
| 10:29 | Build | Farm |
| 10:37 | Queue | Scout Cavalry |
| 10:38 | Queue | Scout Cavalry |
| 10:53 | Queue | Villager (Male) |
| 11:09 | Build | Farm |
| 11:09 | Queue | Villager (Male) |
| 11:12 | Build | Farm |
| 11:23 | Queue | Villager (Male) |
| 11:25 | Research | Double-Bit Axe |
| 11:34 | Queue | Villager (Male) |
| 12:02 | Queue | Villager (Male) |
| 12:04 | Build | Farm |
| 12:12 | Queue | Scout Cavalry |
| 12:20 | Build | Farm |
| 12:24 | Queue | Villager (Male) |
| 12:29 | Build | Farm |
| 12:49 | Queue | Villager (Male) |
| 12:54 | Build | House |
| 12:55 | Queue | Scout Cavalry |
| 13:12 | Build | House |
| 13:25 | Build | House |
| 13:28 | Build | Farm |
| 13:40 | Queue | Villager (Male) |
| 13:44 | Build | Farm |
| 14:00 | Queue | Villager (Male) |
| 14:02 | Build | Farm |
| 14:04 | Build | Farm |
| 14:16 | Queue | Villager (Male) |
| 14:19 | Build | Farm |
| 14:26 | Build | Farm |
| 14:53 | Queue | Villager (Male) |
| 14:55 | Build | Farm |
| 14:56 | Queue | Scout Cavalry |
| 14:57 | Queue | Scout Cavalry |
| 15:15 | Queue | Villager (Male) |
| 15:17 | Build | Farm |
| 15:22 | Build | Farm |
| 15:23 | Queue | Scout Cavalry |
| 15:39 | Build | Farm |
| 15:44 | Queue | Scout Cavalry |
| 15:56 | Queue | Scout Cavalry |
| 15:57 | Queue | Scout Cavalry |
| 16:02 | Build | Farm |
| 16:03 | Queue | Villager (Male) |
| 16:15 | Queue | Villager (Male) |
| 16:23 | Build | Farm |
| 16:30 | Queue | Scout Cavalry |
| 16:43 | Build | Mining Camp |
| 16:48 | Queue | Scout Cavalry |
| 16:52 | Queue | Villager (Male) |
| 16:57 | Build | Blacksmith |
| 17:08 | Queue | Villager (Male) |
| 17:17 | Queue | Villager (Male) |
| 17:19 | Queue | Scout Cavalry |
| 17:34 | Queue | Scout Cavalry |
| 17:43 | Queue | Scout Cavalry |
| 18:01 | Build | House |
| 18:12 | Queue | Scout Cavalry |
| 18:31 | Queue | Scout Cavalry |
| 18:33 | Research | Bloodlines |
| 18:34 | Queue | Villager (Male) |
| 18:43 | Queue | Scout Cavalry |
| 18:58 | Queue | Villager (Male) |
| 19:01 | Build | Farm |
| 19:30 | Queue | Villager (Male) |
| 19:33 | Build | Farm |
| 19:44 | Build | Market |
| 19:54 | Queue | Scout Cavalry |
| 20:16 | Research | Castle Age |
| 20:16 | Research | Castle Age |
| 20:33 | Queue | Scout Cavalry |
| 20:47 | Queue | Villager (Male) |
| 20:51 | Build | Stable |
| 20:53 | Queue | Villager (Male) |
| 20:59 | Research | Scale Barding Armor |
| 21:04 | Build | Farm |
| 21:10 | Queue | Villager (Male) |
| 21:12 | Build | House |
| 21:16 | Build | House |
| 21:17 | Build | House |
| 21:24 | Queue | Scout Cavalry |
| 21:43 | Research | Wheelbarrow |
| 21:48 | Build | Farm |
| 22:02 | Research | Forging |
| 22:07 | Queue | Villager (Male) |
| 22:11 | Build | House |
| 22:13 | Build | House |
| 22:15 | Queue | Scout Cavalry |
| 22:25 | Research | Gold Mining |
| 22:27 | Queue | Villager (Male) |
| 22:35 | Build | Lumber Camp |
| 22:56 | Age | Castle Age |
| 22:57 | Research | Light Cavalry (upgrade) |
| 23:03 | Research | Fletching |
| 23:14 | Research | Chain Barding Armor |
| 23:49 | Queue | Villager (Male) |
| 23:50 | Queue | Scout Cavalry |
| 23:50 | Queue | Scout Cavalry |
| 23:55 | Queue | Villager (Male) |
| 23:55 | Build | Farm |
| 24:11 | Queue | Knight |
| 24:13 | Queue | Villager (Male) |
Build order — JPsi
First 150 of 199 actions detected
| 0:00 | Queue | Villager (Male) |
| 0:01 | Queue | Villager (Male) |
| 0:01 | Queue | Villager (Male) |
| 0:02 | Build | House |
| 0:04 | Build | House |
| 0:11 | Queue | Villager (Male) |
| 1:43 | Queue | Villager (Male) |
| 2:11 | Queue | Villager (Male) |
| 2:27 | Build | Lumber Camp |
| 2:31 | Queue | Villager (Male) |
| 2:41 | Research | Loom |
| 3:27 | Queue | Villager (Male) |
| 3:27 | Queue | Villager (Male) |
| 3:28 | Queue | Villager (Male) |
| 3:28 | Queue | Villager (Male) |
| 3:33 | Build | House |
| 3:54 | Queue | Villager (Male) |
| 3:57 | Queue | Villager (Male) |
| 4:33 | Queue | Villager (Male) |
| 4:37 | Queue | Villager (Male) |
| 5:38 | Build | Mining Camp |
| 6:20 | Queue | Villager (Male) |
| 7:00 | Queue | Villager (Male) |
| 7:30 | Research | Feudal Age |
| 8:27 | Build | Barracks |
| 8:39 | Build | House |
| 8:56 | Queue | Villager (Male) |
| 9:40 | Age | Feudal Age |
| 9:44 | Build | Mill |
| 9:46 | Build | Archery Range |
| 10:02 | Build | House |
| 10:05 | Build | Archery Range |
| 10:06 | Queue | Villager (Male) |
| 10:21 | Queue | Villager (Male) |
| 10:35 | Queue | Villager (Male) |
| 10:47 | Build | Farm |
| 10:55 | Build | House |
| 10:56 | Queue | Archer |
| 10:57 | Queue | Archer |
| 10:57 | Queue | Archer |
| 10:58 | Queue | Archer |
| 10:58 | Queue | Archer |
| 11:12 | Build | Blacksmith |
| 11:23 | Queue | Villager (Male) |
| 11:24 | Queue | Archer |
| 11:39 | Build | House |
| 11:46 | Queue | Villager (Male) |
| 11:47 | Queue | Archer |
| 11:54 | Queue | Archer |
| 12:08 | Queue | Archer |
| 12:09 | Queue | Archer |
| 12:22 | Queue | Villager (Male) |
| 12:23 | Queue | Archer |
| 12:23 | Queue | Archer |
| 12:33 | Build | Farm |
| 12:35 | Build | Farm |
| 12:44 | Research | Fletching |
| 12:51 | Build | House |
| 12:59 | Queue | Archer |
| 13:00 | Queue | Archer |
| 13:00 | Queue | Archer |
| 13:10 | Queue | Villager (Male) |
| 13:32 | Queue | Villager (Male) |
| 13:32 | Queue | Archer |
| 13:32 | Queue | Archer |
| 13:48 | Queue | Archer |
| 13:48 | Queue | Archer |
| 13:50 | Queue | Villager (Male) |
| 14:05 | Queue | Villager (Male) |
| 14:05 | Queue | Archer |
| 14:05 | Queue | Archer |
| 14:10 | Build | Farm |
| 14:16 | Build | House |
| 14:29 | Queue | Villager (Male) |
| 14:30 | Queue | Archer |
| 14:46 | Queue | Archer |
| 14:53 | Queue | Villager (Male) |
| 15:18 | Research | Padded Archer Armor |
| 15:20 | Queue | Archer |
| 15:20 | Queue | Archer |
| 15:41 | Queue | Villager (Male) |
| 15:42 | Queue | Archer |
| 15:42 | Queue | Archer |
| 15:48 | Queue | Villager (Male) |
| 15:48 | Queue | Archer |
| 15:49 | Queue | Archer |
| 16:04 | Queue | Villager (Male) |
| 16:05 | Queue | Archer |
| 16:05 | Queue | Archer |
| 16:11 | Queue | Villager (Male) |
| 16:15 | Build | Farm |
| 16:16 | Build | Farm |
| 16:16 | Build | Farm |
| 16:16 | Build | Farm |
| 16:16 | Build | Farm |
| 17:18 | Queue | Villager (Male) |
| 17:19 | Queue | Archer |
| 17:20 | Queue | Archer |
| 17:32 | Queue | Villager (Male) |
| 17:32 | Queue | Archer |
| 17:50 | Queue | Villager (Male) |
| 17:51 | Queue | Archer |
| 17:53 | Queue | Villager (Male) |
| 17:56 | Build | Farm |
| 17:57 | Build | Farm |
| 17:57 | Build | Farm |
| 17:57 | Build | Farm |
| 17:57 | Build | Farm |
| 17:58 | Build | Farm |
| 18:12 | Queue | Villager (Male) |
| 18:12 | Queue | Archer |
| 18:13 | Queue | Archer |
| 19:07 | Queue | Villager (Male) |
| 19:08 | Queue | Archer |
| 19:10 | Queue | Villager (Male) |
| 19:11 | Build | House |
| 19:12 | Build | House |
| 19:25 | Queue | Villager (Male) |
| 19:25 | Queue | Archer |
| 19:25 | Queue | Archer |
| 19:33 | Build | House |
| 19:39 | Build | Farm |
| 19:41 | Build | Farm |
| 19:56 | Build | House |
| 20:01 | Build | Palisade Wall |
| 20:27 | Queue | Villager (Male) |
| 20:50 | Queue | Villager (Male) |
| 20:53 | Build | Farm |
| 20:56 | Build | Farm |
| 21:00 | Build | Farm |
| 21:03 | Queue | Villager (Male) |
| 21:11 | Build | Farm |
| 21:32 | Queue | Villager (Male) |
| 21:32 | Queue | Villager (Male) |
| 22:03 | Queue | Villager (Male) |
| 22:06 | Research | Castle Age |
| 22:08 | Queue | Archer |
| 22:08 | Queue | Archer |
| 22:09 | Queue | Archer |
| 22:10 | Queue | Archer |
| 22:18 | Queue | Villager (Male) |
| 22:29 | Build | House |
| 22:30 | Research | Town Watch |
| 22:40 | Queue | Archer |
| 22:40 | Queue | Archer |
| 23:04 | Queue | Archer |
| 23:05 | Queue | Archer |
| 23:23 | Build | Archery Range |
| 23:51 | Build | House |
| 24:04 | Build | Palisade Gate |
Build order — MapucheMaldonado
First 150 of 151 actions detected
| 0:02 | Queue | Villager (Male) |
| 0:02 | Queue | Villager (Male) |
| 0:02 | Queue | Villager (Male) |
| 0:03 | Queue | Villager (Male) |
| 0:05 | Build | House |
| 0:07 | Build | House |
| 1:36 | Queue | Villager (Male) |
| 1:36 | Queue | Villager (Male) |
| 2:04 | Research | Loom |
| 2:33 | Queue | Villager (Male) |
| 2:33 | Queue | Villager (Male) |
| 2:54 | Queue | Villager (Male) |
| 3:04 | Build | Lumber Camp |
| 3:19 | Queue | Villager (Male) |
| 3:19 | Queue | Villager (Male) |
| 3:21 | Queue | Villager (Male) |
| 3:21 | Queue | Villager (Male) |
| 3:21 | Queue | Villager (Male) |
| 3:46 | Queue | Villager (Male) |
| 3:46 | Queue | Villager (Male) |
| 4:27 | Queue | Villager (Male) |
| 4:30 | Queue | Villager (Male) |
| 4:50 | Build | House |
| 5:01 | Queue | Villager (Male) |
| 5:29 | Build | Mill |
| 5:35 | Build | Palisade Wall |
| 5:40 | Build | Palisade Wall |
| 5:42 | Queue | Villager (Male) |
| 5:57 | Queue | Villager (Male) |
| 6:31 | Build | House |
| 6:31 | Queue | Villager (Male) |
| 7:00 | Build | Palisade Wall |
| 7:11 | Queue | Villager (Male) |
| 7:21 | Build | Palisade Wall |
| 7:27 | Queue | Villager (Male) |
| 7:36 | Build | Palisade Gate |
| 7:57 | Queue | Villager (Male) |
| 8:08 | Build | Mill |
| 8:20 | Build | Farm |
| 8:28 | Queue | Villager (Male) |
| 9:05 | Queue | Villager (Male) |
| 9:34 | Research | Feudal Age |
| 9:46 | Build | Barracks |
| 9:49 | Build | Palisade Wall |
| 10:14 | Build | Palisade Wall |
| 10:17 | Build | Palisade Wall |
| 10:46 | Build | Palisade Wall |
| 10:47 | Build | Palisade Wall |
| 10:47 | Build | Palisade Wall |
| 11:21 | Build | Farm |
| 11:44 | Age | Feudal Age |
| 11:51 | Build | Archery Range |
| 11:58 | Build | Archery Range |
| 12:07 | Queue | Spearman |
| 12:08 | Queue | Villager (Male) |
| 12:26 | Queue | Villager (Male) |
| 12:38 | Build | House |
| 12:41 | Queue | Villager (Male) |
| 12:50 | Queue | Villager (Male) |
| 12:52 | Build | Archery Range |
| 12:56 | Queue | Skirmisher |
| 13:08 | Build | Blacksmith |
| 13:11 | Queue | Villager (Male) |
| 13:16 | Build | Farm |
| 13:40 | Queue | Skirmisher |
| 13:41 | Research | Fletching |
| 13:51 | Queue | Villager (Male) |
| 13:55 | Queue | Skirmisher |
| 14:08 | Build | House |
| 14:14 | Queue | Skirmisher |
| 14:35 | Queue | Skirmisher |
| 14:36 | Queue | Villager (Male) |
| 14:36 | Queue | Villager (Male) |
| 14:38 | Build | Farm |
| 15:16 | Queue | Skirmisher |
| 15:16 | Queue | Skirmisher |
| 15:16 | Queue | Villager (Male) |
| 15:17 | Queue | Villager (Male) |
| 15:19 | Build | House |
| 15:57 | Queue | Spearman |
| 16:01 | Queue | Skirmisher |
| 16:01 | Queue | Skirmisher |
| 16:02 | Queue | Villager (Male) |
| 16:11 | Build | Watch Tower |
| 16:21 | Build | Watch Tower |
| 16:22 | Queue | Villager (Male) |
| 16:25 | Queue | Villager (Male) |
| 16:26 | Build | House |
| 16:28 | Build | Farm |
| 16:30 | Build | Farm |
| 16:31 | Build | Farm |
| 16:50 | Queue | Skirmisher |
| 16:51 | Queue | Skirmisher |
| 17:43 | Build | Palisade Wall |
| 17:53 | Build | Mining Camp |
| 17:59 | Queue | Villager (Male) |
| 18:07 | Build | Farm |
| 18:08 | Build | Farm |
| 18:10 | Build | Farm |
| 18:14 | Build | Farm |
| 18:17 | Research | Double-Bit Axe |
| 18:22 | Queue | Skirmisher |
| 18:22 | Queue | Skirmisher |
| 18:28 | Build | House |
| 18:45 | Queue | Skirmisher |
| 19:04 | Queue | Villager (Male) |
| 19:36 | Build | House |
| 19:51 | Build | Palisade Gate |
| 19:55 | Queue | Villager (Male) |
| 19:55 | Queue | Villager (Male) |
| 19:57 | Build | Farm |
| 20:17 | Queue | Villager (Male) |
| 20:34 | Build | Palisade Wall |
| 20:34 | Build | Palisade Wall |
| 20:40 | Queue | Villager (Male) |
| 20:44 | Queue | Archer |
| 20:44 | Queue | Archer |
| 21:03 | Build | Farm |
| 21:04 | Build | Farm |
| 21:06 | Queue | Villager (Male) |
| 21:16 | Queue | Archer |
| 21:17 | Queue | Archer |
| 21:39 | Build | Mining Camp |
| 21:41 | Queue | Villager (Male) |
| 21:41 | Queue | Villager (Male) |
| 21:51 | Build | Farm |
| 21:59 | Queue | Archer |
| 21:59 | Queue | Archer |
| 22:32 | Build | Market |
| 22:34 | Build | House |
| 22:39 | Queue | Villager (Male) |
| 22:43 | Queue | Archer |
| 22:43 | Queue | Archer |
| 23:08 | Build | Farm |
| 23:11 | Build | Farm |
| 24:11 | Build | House |
| 24:13 | Build | Palisade Wall |
| 24:38 | Research | Castle Age |
| 24:38 | Research | Castle Age |
| 27:18 | Age | Castle Age |
| 27:26 | Research | Bodkin Arrow |
| 27:26 | Queue | Villager (Male) |
| 27:27 | Queue | Villager (Male) |
| 27:50 | Build | Castle |
| 28:23 | Queue | Villager (Male) |
| 28:23 | Queue | Villager (Male) |
| 28:28 | Build | Mining Camp |
| 28:41 | Build | University |
| 28:46 | Queue | Villager (Male) |
| 28:49 | Queue | Villager (Male) |
Match timeline
| 5:35 | MapucheMaldonado · wall_segment Palisade Wall x4 |
| 5:40 | MapucheMaldonado · wall_segment Palisade Wall x1 |
| 7:00 | MapucheMaldonado · wall_segment Palisade Wall x5 |
| 7:21 | MapucheMaldonado · wall_segment Palisade Wall x4 |
| 8:05 | Nightfall · first_building Barracks |
| 8:14 | Kolor Peru · wall_segment Palisade Wall x6 |
| 8:27 | JPsi · first_building Barracks |
| 8:53 | Nightfall · age_up feudal |
| 8:57 | Nightfall · first_building Stable |
| 8:58 | Kolor Peru · wall_segment Palisade Wall x5 |
| 9:20 | Kolor Peru · first_building Barracks |
| 9:33 | RamiChurra · first_building Barracks |
| 9:36 | chris_p · first_building Barracks |
| 9:40 | JPsi · age_up feudal |
| 9:45 | Kolor Peru · wall_segment Palisade Wall x7 |
| 9:46 | MapucheMaldonado · first_building Barracks |
| 9:46 | JPsi · first_building Archery Range |
| 9:49 | MapucheMaldonado · wall_segment Palisade Wall x9 |
| 9:53 | RamiChurra · wall_segment Palisade Wall x1 |
| 9:54 | RamiChurra · wall_segment Palisade Wall x1 |
| 9:55 | RamiChurra · wall_segment Palisade Wall x1 |
| 9:55 | RamiChurra · wall_segment Palisade Wall x1 |
| 9:56 | RamiChurra · wall_segment Palisade Wall x1 |
| 10:14 | MapucheMaldonado · wall_segment Palisade Wall x4 |
| 10:17 | MapucheMaldonado · wall_segment Palisade Wall x9 |
| 10:20 | Kolor Peru · wall_segment Palisade Wall x1 |
| 10:23 | RamiChurra · wall_segment Palisade Wall x5 |
| 10:26 | Kolor Peru · wall_segment Palisade Wall x4 |
| 10:28 | RamiChurra · wall_segment Palisade Wall x7 |
| 10:30 | chris_p · wall_segment Palisade Wall x1 |
| 10:46 | MapucheMaldonado · wall_segment Palisade Wall x1 |
| 10:47 | MapucheMaldonado · wall_segment Palisade Wall x1 |
| 10:47 | MapucheMaldonado · wall_segment Palisade Wall x2 |
| 10:53 | Kolor Peru · wall_segment Palisade Wall x4 |
| 10:56 | chris_p · age_up feudal |
| 11:00 | Kolor Peru · age_up feudal |
| 11:01 | RamiChurra · wall_segment Palisade Wall x9 |
| 11:09 | Kolor Peru · first_building Archery Range |
| 11:11 | chris_p · wall_segment Palisade Wall x8 |
| 11:18 | RamiChurra · wall_segment Palisade Wall x3 |
| 11:20 | RamiChurra · age_up feudal |
| 11:29 | Kolor Peru · wall_segment Palisade Wall x4 |
| 11:30 | Kolor Peru · wall_segment Palisade Wall x5 |
| 11:43 | RamiChurra · wall_segment Palisade Wall x1 |
| 11:44 | MapucheMaldonado · age_up feudal |
| 11:46 | chris_p · wall_segment Palisade Wall x8 |
| 11:51 | chris_p · wall_segment Palisade Wall x1 |
| 11:51 | MapucheMaldonado · first_building Archery Range |
| 12:35 | chris_p · wall_segment Palisade Wall x1 |
| 13:17 | RamiChurra · first_building Stable |
| 14:22 | RamiChurra · wall_segment Palisade Wall x1 |
| 14:28 | RamiChurra · wall_segment Palisade Wall x1 |
| 14:57 | Kolor Peru · wall_segment Palisade Wall x4 |
| 15:16 | chris_p · wall_segment Palisade Wall x1 |
| 16:09 | chris_p · first_building Archery Range |
| 16:59 | Kolor Peru · wall_segment Palisade Wall x1 |
| 17:43 | MapucheMaldonado · wall_segment Palisade Wall x1 |
| 19:49 | Kolor Peru · first_market_buy 100 food |
| 19:50 | Kolor Peru · first_market_sell 100 wood |
| 20:01 | JPsi · wall_segment Palisade Wall x2 |
| 20:05 | Kolor Peru · wall_segment Palisade Wall x1 |
| 20:15 | Kolor Peru · wall_segment Palisade Wall x3 |
| 20:17 | Kolor Peru · wall_segment Palisade Wall x1 |
| 20:34 | MapucheMaldonado · wall_segment Palisade Wall x1 |
| 20:34 | MapucheMaldonado · wall_segment Palisade Wall x1 |
| 20:37 | chris_p · first_market_buy 100 food |
| 20:37 | chris_p · first_market_sell 100 stone |
| 20:40 | Kolor Peru · wall_segment Palisade Wall x1 |
| 20:41 | Kolor Peru · wall_segment Palisade Wall x1 |
| 20:45 | Kolor Peru · wall_segment Palisade Wall x1 |
| 20:46 | Kolor Peru · wall_segment Palisade Wall x1 |
| 20:48 | Kolor Peru · wall_segment Palisade Wall x1 |
| 21:03 | RamiChurra · first_market_sell 100 wood |
| 21:05 | RamiChurra · first_market_buy 100 food |
| 21:33 | chris_p · first_building Stable |
| 22:56 | Nightfall · age_up castle |
| 23:11 | Kolor Peru · age_up castle |
| 23:22 | chris_p · wall_segment Stone Wall x8 |
| 23:22 | Nightfall · first_market_sell 100 wood |
| 23:26 | chris_p · wall_segment Stone Wall x3 |
| 23:39 | Kolor Peru · first_building Monastery |
| 23:54 | chris_p · age_up castle |
| 23:58 | RamiChurra · age_up castle |
| 24:13 | MapucheMaldonado · wall_segment Palisade Wall x7 |
| 24:28 | RamiChurra · wall_segment Palisade Wall x1 |
| 24:31 | MapucheMaldonado · first_market_sell 100 wood |
| 24:32 | MapucheMaldonado · first_market_buy 100 food |
| 24:46 | JPsi · age_up castle |
| 25:00 | RamiChurra · wall_segment Palisade Wall x1 |
| 25:28 | chris_p · first_building Siege Workshop |
| 27:11 | JPsi · wall_segment Stone Wall x12 |
| 27:18 | MapucheMaldonado · age_up castle |
| 27:50 | MapucheMaldonado · first_building Castle |
| 28:56 | Nightfall · first_market_buy 100 wood |
| 29:02 | MapucheMaldonado · first_building Siege Workshop |
| 29:23 | Kolor Peru · resign |
[ AI ANALYSIS · 1 CREDIT ]
What really happened in this match?
Wolo.gg analyzes every decision: build order, eco, micro, common mistakes by bracket. Personalized analysis on WhatsApp or Discord in 30 seconds.
Civ guide
Magyars
Perfil
Jugador #2134477